[Event "January 9 Early 2024"]
[Site "https://www.chess.com"]
[Date "2024.01.11"]
[Round "5"]
[White "Krishnan, Ritvik"]
[Black "Sipila, Vilka"]
[Result "1-0"]
[Board "242"]
[TimeControl "180+1"]
[WhiteFideId "45055297"]
[BlackFideId "505455"]
[WhiteElo "2506"]
[BlackElo "2641"]
[WhiteTeam "IND"]
[BlackTeam "FIN"]
[WhiteClock "0:00:04"]
[BlackClock "0:00:41"]

1. d4 f5 2. Bg5 h6 3. Bh4 g5 4. Bg3 Bg7 5. e3 c5 6. h4 f4 7. exf4 gxf4 8. Bxf4 cxd4 9. Qh5+ Kf8 10. Bc4 d5 11. Bxd5 e6 12. Bb3 Nf6 13. Qf3 Nc6 14. Nd2 e5 15. Bg3 Bg4 16. Qd3 Rc8 17. a3 e4 18. Nxe4 Bf5 19. Bd6+ Ke8 20. Nxf6+ Qxf6 21. Qg3 Kd7 22. Bf4 Rhe8+ 23. Kd2 d3 24. c3 b5 25. Nf3 Na5 26. Ba2 Rxc3 27. Ne5+ Rxe5 28. Bxe5 Rc2+ 29. Kd1 Qxe5 30. Qxe5 Bxe5 31. Re1 Bxb2 32. Rb1 Rxf2 33. Bd5 Bc3 34. Rg1 d2 35. Rxb5 Bd3 36. Rc5 Be2+ 37. Kc2 d1=Q+ 38. Rxd1 Bxd1+ 39. Kxd1 Bd2 40. Bf3 Kd6 41. Rd5+ Ke6 42. Rxd2 Rf1+ 43. Kc2 Ra1 44. Kb2 Rf1 45. Re2+ Kf5 46. Kc3 Ra1 47. Kb4 Nc4 48. Kxc4 Rxa3 49. Rb2 Ra4+ 50. Rb4 Ra1 51. h5 Kg5 52. Kb5 Rc1 53. Ra4 Rc7 54. Ka6 Re7 55. Rb4 Rc7 56. Rb5+ Kh4 57. Rf5 Rh7 58. Rf6 Kg5 59. Rg6+ Kh4 60. Ka5 Rh8 61. Ka6 Rh7 62. Rg4+ Kxh5 63. Rg7+ 1-0

[Event "January 9 Early 2024"]
[Site "https://www.chess.com"]
[Date "2024.01.11"]
[Round "5"]
[White "Mabusela, Johannes Manyedi"]
[Black "Maltsevskaya, Aleksandra"]
[Result "1-0"]
[Board "243"]
[TimeControl "180+1"]
[WhiteFideId "14300702"]
[BlackFideId "24174041"]
[WhiteElo "2411"]
[BlackElo "2555"]
[WhiteTeam "RSA"]
[BlackTeam "POL"]
[WhiteClock "0:00:04"]
[BlackClock "0:00:07"]

1. d4 Nf6 2. c4 g6 3. Nc3 Bg7 4. e4 d6 5. f3 O-O 6. Be3 Nc6 7. Nge2 a6 8. Qd2 Na5 9. b3 b5 10. c5 dxc5 11. dxc5 b4 12. Na4 Nxe4 13. Qxd8 Rxd8 14. Rc1 Nf6 15. Bd2 Nd5 16. Nf4 Nxf4 17. Bxf4 e5 18. Bg5 f6 19. Be3 Bd7 20. Nb2 Bb5 21. Kf2 f5 22. Bg5 Rd7 23. Nc4 h6 24. Be3 f4 25. Nxa5 fxe3+ 26. Kxe3 h5 27. Bc4+ Bxc4 28. Rxc4 Bh6+ 29. Ke4 Rd2 30. Kxe5 Re8+ 31. Kf6 Kh7 32. Re4 Bg7+ 33. Kf7 Rf8+ 34. Ke7 Rf5 35. Nc6 Rxc5 36. Re6 Rxg2 37. Rd1 Rf5 38. Rd7 Rxf3 39. Nd8 Rgf2 40. Rxc7 Kh6 41. Kd7 Bf8 42. Kc8 Rf6 43. Rcc6 Rxe6 44. Nxe6 Rc2 45. Rxc2 Be7 46. Kd7 g5 47. Rc6 Kg6 48. Kxe7 Kf5 49. Rc5+ Ke4 50. Rxg5 Kd3 51. Rxh5 Kc2 52. Ra5 Kb2 53. Rxa6 1-0

[Event "January 9 Early 2024"]
[Site "https://www.chess.com"]
[Date "2024.01.11"]
[Round "5"]
[White "Golubovic, Erik"]
[Black "Sharapov, Evgeny"]
[Result "0-1"]
[Board "244"]
[TimeControl "180+1"]
[WhiteFideId "14586908"]
[BlackFideId "14103133"]
[WhiteElo "2255"]
[BlackElo "2535"]
[WhiteTeam "CRO"]
[BlackTeam "UKR"]
[WhiteClock "0:00:02"]
[BlackClock "0:00:22"]

1. d4 Nf6 2. c4 e6 3. Nf3 Bb4+ 4. Bd2 c5 5. Bxb4 cxb4 6. g3 O-O 7. Bg2 d6 8. O-O Nbd7 9. a3 bxa3 10. Nxa3 a6 11. Qd3 Qc7 12. b4 e5 13. e4 b6 14. d5 Bb7 15. Rfc1 a5 16. Nb5 Qb8 17. Nd2 axb4 18. Rxa8 Bxa8 19. Rb1 Nc5 20. Qc2 Bb7 21. Rxb4 Ba6 22. Rb1 Bxb5 23. Rxb5 Qa7 24. Qb2 Rb8 25. Bf3 h6 26. Kg2 Kh7 27. h4 Ne8 28. Bg4 Nc7 29. h5 Nxb5 30. cxb5 Qa4 31. Qc3 Qd4 32. Qxd4 exd4 33. Nc4 d3 34. Kf3 g6 35. Ke3 Kg7 36. Nxd6 d2 37. Kxd2 Rd8 38. e5 Ne4+ 39. Nxe4 Rxd5+ 40. Ke3 Rxb5 41. f4 Rb3+ 42. Kf2 b5 43. Be2 b4 44. hxg6 fxg6 45. Nc5 Rc3 46. Ne4 Rc2 47. Ke3 b3 48. Bd3 Rc1 49. Nd2 b2 50. Nb1 h5 51. Kf3 Rd1 52. Ke3 Rg1 53. Kf2 Rh1 54. Ke3 Rh3 55. Kf2 h4 56. Bf1 Rxg3 57. Be2 Rb3 58. Bf3 Rb4 59. Ke3 h3 60. Bh1 h2 61. Bg2 Ra4 62. Be4 Ra1 63. Kf2 Rxb1 0-1

[Event "January 9 Early 2024"]
[Site "https://www.chess.com"]
[Date "2024.01.11"]
[Round "5"]
[White "Mohammadi, Melika"]
[Black "Kostiukov, Alexandr"]
[Result "1-0"]
[Board "245"]
[TimeControl "180+1"]
[WhiteFideId "42529271"]
[BlackFideId "14108100"]
[WhiteElo "2458"]
[BlackElo "2297"]
[WhiteTeam "IRI"]
[BlackTeam "UKR"]
[WhiteClock "0:00:05"]
[BlackClock "0:00:11"]

1. e4 c5 2. Nf3 g6 3. d4 cxd4 4. Nxd4 Bg7 5. c4 Nc6 6. Be3 Nf6 7. Nc3 O-O 8. Be2 Nxd4 9. Bxd4 Qa5 10. O-O d6 11. Qc2 Be6 12. Rad1 Rfc8 13. b3 a6 14. Qb2 b5 15. cxb5 axb5 16. b4 Qa3 17. Qxa3 Rxa3 18. Rc1 Nxe4 19. Nxb5 Rxc1 20. Rxc1 Rxa2 21. Bf3 Bxd4 22. Nxd4 Nxf2 23. Nxe6 fxe6 24. b5 Nd3 25. Rb1 d5 26. b6 Ra8 27. Bg4 Kf7 28. Rf1+ Kg7 29. Bxe6 Rb8 30. Rb1 Nf4 31. Bd7 e5 32. b7 Nd3 33. Bc6 d4 34. Ra1 Nc5 35. Ra8 Nxb7 36. Rxb8 Nd6 37. Rd8 Nf5 38. Rd7+ Kf6 39. Kf2 h5 40. g3 Ne3 41. Ke2 Ng4 42. h3 Nh6 43. Kd3 Nf5 44. g4 hxg4 45. hxg4 Ne3 46. Bf3 Nf1 47. Rd6+ Kg5 48. Be4 Kf4 49. Rf6+ Kxg4 50. Rxf1 g5 51. Rg1+ Kf4 52. Rf1+ Kg3 53. Rf5 g4 54. Rxe5 1-0

[Event "January 9 Early 2024"]
[Site "https://www.chess.com"]
[Date "2024.01.11"]
[Round "5"]
[White "Kanyamarala, Tarun"]
[Black "Bologan, Victor"]
[Result "1/2-1/2"]
[Board "246"]
[TimeControl "180+1"]
[WhiteFideId "45004714"]
[BlackFideId "13900048"]
[WhiteElo "2524"]
[BlackElo "2774"]
[WhiteTeam "IRL"]
[BlackTeam "MDA"]
[WhiteClock "0:00:08"]
[BlackClock "0:00:08"]

1. e4 c5 2. c3 e5 3. Nf3 Nc6 4. d4 cxd4 5. cxd4 Bb4+ 6. Bd2 Bxd2+ 7. Qxd2 exd4 8. Nxd4 Nf6 9. Nc3 O-O 10. Bc4 Nxe4 11. Nxe4 d5 12. Nxc6 bxc6 13. O-O dxc4 14. Qb4 Be6 15. Nc5 Bd5 16. Rad1 Qg5 17. f3 Rab8 18. Qa3 Rfe8 19. Rf2 h5 20. Qxa7 Qe3 21. Qa3 Qxa3 22. bxa3 Ra8 23. a4 Re3 24. Rc2 f5 25. Nd7 Rxa4 26. Nb6 Rd3 27. Rdc1 Ra6 28. Nxc4 Bxc4 29. Rxc4 Rxa2 30. Rxc6 Rdd2 31. Rg6 Kh7 32. Rg5 Kh6 33. h4 Rd6 34. Rxf5 Rg6 35. Rg5 Rxg5 36. hxg5+ Kxg5 37. Rc4 g6 38. Kh2 Kf5 39. Kg3 Ra3 40. Rc5+ Kf6 41. Rc6+ Kg5 42. Rc5+ Kh6 43. Rc6 Ra4 44. Rc5 g5 45. Rc6+ Kg7 46. Kh3 Ra1 47. Kg3 Ra4 48. Kf2 Kf7 49. Kg3 h4+ 50. Kh3 Kg7 51. g3 hxg3 52. Kxg3 Kf7 53. Rb6 Kg7 54. Rc6 Kf7 55. Rb6 Kg7 56. Rb2 Kg6 57. Rb5 Kh5 58. Rb8 Kg6 1/2-1/2

[Event "January 9 Early 2024"]
[Site "https://www.chess.com"]
[Date "2024.01.11"]
[Round "5"]
[White "Sturt, Raven"]
[Black "Navara, David"]
[Result "1/2-1/2"]
[Board "247"]
[TimeControl "180+1"]
[WhiteFideId "2007304"]
[BlackFideId "309095"]
[WhiteElo "2763"]
[BlackElo "2996"]
[WhiteTeam "USA"]
[BlackTeam "CZE"]
[WhiteClock "0:00:03"]
[BlackClock "0:00:05"]

1. f4 Nh6 2. Nf3 d5 3. d3 c5 4. Qd2 d4 5. c3 Nf5 6. cxd4 cxd4 7. Na3 Nc6 8. Nc2 h5 9. b4 a6 10. Bb2 g6 11. a4 e5 12. b5 axb5 13. axb5 Rxa1+ 14. Bxa1 Na5 15. Nxe5 Nb3 16. Qd1 Qa5+ 17. Kf2 Ne3 18. Qb1 Nxa1 19. Qxa1 Qxa1 20. Nxa1 Bc5 21. Nb3 Ba7 22. g3 h4 23. Bg2 Nxg2 24. Kxg2 Be6 25. Ra1 Bd5+ 26. Kf2 hxg3+ 27. Kxg3 Bb8 28. Ra8 O-O 29. Nxd4 g5 30. Nf5 gxf4+ 31. Kf2 Be6 32. Nh6+ Kg7 33. Nhg4 f5 34. Rxb8 Rxb8 35. h3 fxg4 36. hxg4 Kf6 37. d4 Bd5 38. Nd7+ Kg5 39. Nxb8 Kxg4 40. Nd7 Kf5 41. Nc5 b6 42. Nd3 Bc4 43. Kf3 Bxb5 44. Nxf4 Bc6+ 45. Ke3 b5 46. d5 Bb7 47. Kf3 Ke5 48. e4 Kd4 49. Ne6+ Ke5 50. Nc7 b4 51. Ke3 b3 52. Kd3 b2 53. Kc2 Kxe4 54. d6 Bc6 55. Kxb2 Ke5 56. Nb5 Bxb5 57. d7 Bxd7 1/2-1/2

[Event "January 9 Early 2024"]
[Site "https://www.chess.com"]
[Date "2024.01.11"]
[Round "5"]
[White "Llari, Marc"]
[Black "Iljin, Timofey"]
[Result "0-1"]
[Board "248"]
[TimeControl "180+1"]
[WhiteFideId "651044269"]
[BlackFideId "14110180"]
[WhiteElo "2312"]
[BlackElo "2542"]
[WhiteTeam "FRA"]
[BlackTeam "UKR"]
[WhiteClock "0:00:03"]
[BlackClock "0:00:05"]

1. d4 f5 2. Nf3 Nf6 3. g3 g6 4. Bg2 Bg7 5. O-O O-O 6. c4 d6 7. Nc3 Qe8 8. d5 Na6 9. Nd4 Bd7 10. a3 Nc5 11. b4 Nce4 12. Nxe4 Nxe4 13. Bb2 c5 14. dxc6 bxc6 15. Qc2 e5 16. Nb3 Qf7 17. Bxe4 fxe4 18. Qxe4 Bh3 19. Qxc6 Bxf1 20. Rxf1 Rac8 21. Qxd6 Qxc4 22. Nc5 Qxe2 23. Ne6 Qxb2 24. Qd7 e4 25. Nxf8 Rxf8 26. Qxa7 Bd4 27. Qb7 e3 28. Qd5+ Kh8 29. Qd6 exf2+ 30. Kg2 Bg7 31. Qd3 Qf6 32. Qe3 Qc6+ 33. Kh3 Qc8+ 34. Kg2 Qa8+ 35. Kh3 Qf3 36. Qxf3 Rxf3 37. a4 Bd4 38. b5 Ra3 39. Rb1 Rxa4 40. Kg2 Ra7 41. b6 Rb7 42. Kf1 Rxb6 43. Rd1 Bf6 44. Kxf2 Ra6 45. Kg1 Kg7 46. Rf1 Be5 47. Kg2 Ra2+ 48. Kh3 Ra5 49. Re1 h5 50. Rf1 Kh6 51. Rf2 g5 52. Kg2 Rb5 53. Rc2 Rb2 54. Rxb2 Bxb2 0-1

[Event "January 9 Early 2024"]
[Site "https://www.chess.com"]
[Date "2024.01.11"]
[Round "5"]
[White "Chernyavsky, Alexander"]
[Black "Petrukhina, Olga"]
[Result "1-0"]
[Board "249"]
[TimeControl "180+1"]
[WhiteFideId "24131156"]
[BlackFideId "13703935"]
[WhiteElo "2454"]
[BlackElo "2290"]
[WhiteTeam "RUS"]
[BlackTeam "KAZ"]
[WhiteClock "0:00:04"]
[BlackClock "0:00:02"]

1. d4 e6 2. c4 Nf6 3. Nc3 Bb4 4. e3 O-O 5. Ne2 d5 6. a3 Be7 7. cxd5 exd5 8. Nf4 c6 9. Bd3 Na6 10. O-O Nc7 11. f3 Ne6 12. Bc2 Nxf4 13. exf4 Bd6 14. Ne2 Bd7 15. Re1 Qc8 16. Qd3 Re8 17. Bd2 a5 18. Ng3 g6 19. Rxe8+ Qxe8 20. Re1 Qb8 21. Qe3 Qc7 22. f5 Re8 23. Qg5 Rxe1+ 24. Bxe1 Be7 25. fxg6 hxg6 26. Nh5 Nxh5 27. Qxe7 Qc8 28. Bxa5 Ng7 29. Qd8+ Qxd8 30. Bxd8 Ne6 31. Bf6 Nf4 32. Kf2 Kf8 33. g3 Ne6 34. Ke3 Ke8 35. h4 Nf8 36. g4 Nh7 37. Be5 f6 38. Bxg6+ Ke7 39. Bxh7 fxe5 40. dxe5 c5 41. Bf5 d4+ 42. Kd2 Bc6 43. h5 Bxf3 44. h6 Kf7 45. e6+ Kg8 46. e7 Bc6 47. Bg6 Kh8 48. g5 b5 49. e8=Q+ Bxe8 50. Bxe8 c4 51. Bxb5 1-0

[Event "January 9 Early 2024"]
[Site "https://www.chess.com"]
[Date "2024.01.11"]
[Round "5"]
[White "Girsh, Daniel"]
[Black "Karavade, Eesha"]
[Result "1/2-1/2"]
[Board "250"]
[TimeControl "180+1"]
[WhiteFideId "30949190"]
[BlackFideId "5012600"]
[WhiteElo "2639"]
[BlackElo "2498"]
[WhiteTeam "USA"]
[BlackTeam "IND"]
[WhiteClock "0:00:20"]
[BlackClock "0:00:19"]

1. e4 e5 2. Nf3 Nc6 3. Bb5 a6 4. Ba4 Nf6 5. O-O Nxe4 6. d4 b5 7. Bb3 d5 8. dxe5 Be6 9. Qe2 Nc5 10. c3 Nxb3 11. axb3 Be7 12. Nbd2 O-O 13. b4 d4 14. Ne4 Qd5 15. Bf4 dxc3 16. bxc3 Qc4 17. Qe3 Rfd8 18. Rfd1 a5 19. bxa5 Rxd1+ 20. Rxd1 Nxa5 21. h4 Nc6 22. h5 b4 23. cxb4 Nxb4 24. Qd4 Qxd4 25. Nxd4 Nd5 26. Bg3 Bg4 27. f3 Be6 28. Rc1 c5 29. Nxc5 Rc8 30. Ndxe6 fxe6 31. Bf2 Nb4 32. Nb3 Rxc1+ 33. Nxc1 Bg5 34. Ne2 Nd3 35. Bd4 Kf7 36. g3 Bd2 37. Kg2 g6 38. hxg6+ hxg6 39. f4 g5 40. Kf3 gxf4 41. gxf4 Ne1+ 42. Ke4 Ng2 43. Kf3 Nh4+ 44. Ke4 Nf5 45. Bf2 Ke7 46. Bc5+ Kd7 47. Ng1 Ng3+ 48. Kf3 Nf5 49. Nh3 Be1 50. Ng5 Bd2 51. Ke4 Ng3+ 52. Kf3 Nf5 53. Bf2 Bc1 54. Be1 Nd4+ 55. Ke4 Nf5 56. Bb4 Bb2 57. Bd2 Ba3 58. Nf3 Ng3+ 59. Kd3 Bc5 60. Kc4 Bf2 61. Nh4 Ne4 62. Nf3 Nxd2+ 63. Nxd2 Be3 64. Ne4 Bxf4 65. Kd4 Bxe5+ 66. Kxe5 Kc6 67. Kxe6 1/2-1/2

[Event "January 9 Early 2024"]
[Site "https://www.chess.com"]
[Date "2024.01.11"]
[Round "5"]
[White "Martinez Alcantara, Jose Eduardo"]
[Black "Liascovich, Lucas"]
[Result "1/2-1/2"]
[Board "251"]
[TimeControl "180+1"]
[WhiteFideId "3805662"]
[BlackFideId "108634"]
[WhiteElo "3033"]
[BlackElo "2910"]
[WhiteTeam "PER"]
[BlackTeam "ARG"]
[WhiteClock "0:00:06"]
[BlackClock "0:00:19"]

1. e4 e5 2. Nf3 Nf6 3. Nc3 Nc6 4. h3 d6 5. d4 Be7 6. Bb5 Bd7 7. Bxc6 Bxc6 8. Qd3 exd4 9. Nxd4 Bd7 10. Bf4 O-O 11. O-O-O Re8 12. g4 Bf8 13. f3 Be6 14. Nf5 Bxf5 15. gxf5 g6 16. h4 Nh5 17. Bg5 Be7 18. Kb1 Bxg5 19. hxg5 Re5 20. Qd2 b5 21. f4 Rc5 22. fxg6 hxg6 23. f5 Qe7 24. fxg6 fxg6 25. Nd5 Qe5 26. Rdf1 Rf8 27. Rxf8+ Kxf8 28. Rf1+ Ke8 29. Qf2 Kd7 30. Qf8 Qe8 31. Qf3 Kc6 32. b3 Kb7 33. Qd3 Qe5 34. Rf7 a6 35. a4 Ng3 36. Re7 Qxg5 37. b4 Rxd5 38. Qxd5+ Qxd5 39. exd5 bxa4 40. Rg7 Nf5 41. Rxg6 Ne3 42. Rg5 Nc4 43. Rg4 Ne3 44. Rd4 Kb6 45. c4 a5 46. Re4 Nf5 47. bxa5+ Kxa5 48. Kc2 Kb4 49. Rf4 Ne3+ 50. Kd3 Nd1 51. Kc2 Ne3+ 52. Kd3 Nd1 53. Rf8 Nb2+ 54. Kd4 Nxc4 55. Rc8 Na3 56. Rb8+ Nb5+ 57. Kd3 a3 58. Kc2 Kc4 59. Rb7 1/2-1/2

[Event "January 9 Early 2024"]
[Site "https://www.chess.com"]
[Date "2024.01.11"]
[Round "5"]
[White "Avramidou, Anastasia"]
[Black "Khouri, Ahmed Abbas"]
[Result "0-1"]
[Board "252"]
[TimeControl "180+1"]
[WhiteFideId "4239873"]
[BlackFideId "9301518"]
[WhiteElo "2518"]
[BlackElo "2282"]
[WhiteTeam "GRE"]
[BlackTeam "UAE"]
[WhiteClock "0:00:05"]
[BlackClock "0:00:12"]

1. c4 c5 2. Nc3 Nc6 3. Nf3 e5 4. g3 g6 5. Bg2 Bg7 6. O-O Nge7 7. d3 O-O 8. Rb1 d6 9. a3 a5 10. Ne1 Be6 11. Nc2 d5 12. cxd5 Nxd5 13. Ne3 Nc7 14. Ne4 Na6 15. Nc2 h6 16. Be3 Qe7 17. Qd2 f5 18. Nc3 Kh7 19. Rbc1 Rad8 20. Na4 c4 21. Bb6 Rd7 22. Bxc6 bxc6 23. Qxa5 cxd3 24. exd3 Nc7 25. Nc5 Nd5 26. Nxd7 Qxd7 27. Qa7 Qe8 28. Be3 f4 29. Bd2 Qd8 30. h4 Qf6 31. Bb4 Qf5 32. Be7 Rf7 33. Qc5 Qh3 34. Ne1 Rxe7 35. Ng2 fxg3 36. fxg3 Qxg3 37. Qf2 Qg4 38. Rce1 Rf7 39. Qe2 Qh3 40. Rxf7 Bxf7 41. Rf1 Nf4 42. Nxf4 exf4 43. Qg2 Qxh4 44. Rf3 Bd4+ 45. Kf1 Bd5 46. Ke2 Bxf3+ 47. Qxf3 Qh2+ 48. Kd1 Be3 49. Qe2 Qxe2+ 50. Kxe2 h5 51. b4 h4 52. a4 h3 53. Kf3 g5 54. b5 cxb5 55. axb5 g4+ 0-1

[Event "January 9 Early 2024"]
[Site "https://www.chess.com"]
[Date "2024.01.11"]
[Round "5"]
[White "Rakhmatullaev, Almas"]
[Black "Donchenko, Alexander"]
[Result "1-0"]
[Board "253"]
[TimeControl "180+1"]
[WhiteFideId "14205793"]
[BlackFideId "24603295"]
[WhiteElo "2839"]
[BlackElo "2929"]
[WhiteTeam "UZB"]
[BlackTeam "GER"]
[WhiteClock "0:00:05"]
[BlackClock "0:00:01"]

1. e4 c6 2. d4 d5 3. exd5 cxd5 4. c4 Nf6 5. Nc3 Nc6 6. Nf3 a6 7. c5 g6 8. Be3 Bg7 9. h3 O-O 10. Bd3 b6 11. cxb6 Qxb6 12. Qd2 Rb8 13. b3 Nb4 14. Bb1 Bd7 15. O-O Rfc8 16. Rc1 Be8 17. a3 Nc6 18. b4 Na7 19. Ba2 e6 20. Ne5 Nb5 21. Na4 Qa7 22. Nc5 Ne4 23. Nxe4 dxe4 24. d5 Qe7 25. Ng4 exd5 26. Bg5 e3 27. Bxe3 Nc3 28. Re1 Nxa2 29. Rxa2 Bc3 30. Nh6+ Kf8 31. Nf5 Qf6 32. Bh6+ Kg8 33. Ne7+ Kh8 34. Qg5 Qxg5 35. Bxg5 Rc4 36. Re3 Kg7 37. Nxd5 Bd4 38. Re4 Bc6 39. Rxd4 Rxd4 40. Bf6+ Kf8 41. Bxd4 Bxd5 42. Rd2 Bc4 43. Bc5+ Kg7 44. Rd4 Be6 45. Rd6 Ra8 46. Bd4+ Kf8 47. Bf6 Ke8 48. f4 Bd7 49. g4 a5 50. Bc3 axb4 51. Bxb4 h5 52. gxh5 gxh5 53. Rh6 Rc8 54. Rh8# 1-0

[Event "January 9 Early 2024"]
[Site "https://www.chess.com"]
[Date "2024.01.11"]
[Round "5"]
[White "Starozhilov, Leonid"]
[Black "Blahynka, Martin"]
[Result "1-0"]
[Board "254"]
[TimeControl "180+1"]
[WhiteFideId "14106752"]
[BlackFideId "334766"]
[WhiteElo "2775"]
[BlackElo "2451"]
[WhiteTeam "UKR"]
[BlackTeam "CZE"]
[WhiteClock "0:00:03"]
[BlackClock "0:00:02"]

1. e4 c6 2. Nc3 d5 3. Nf3 Bg4 4. h3 Bxf3 5. Qxf3 e6 6. g3 Nf6 7. Bg2 Bc5 8. O-O Nbd7 9. d3 O-O 10. Qe2 Bd4 11. Nd1 dxe4 12. dxe4 a5 13. c3 Bc5 14. Kh2 a4 15. Ne3 b5 16. a3 Qb6 17. Ng4 Nxg4+ 18. hxg4 Ne5 19. g5 Rad8 20. Bf4 Nc4 21. e5 Rd7 22. Be4 g6 23. Kg2 Rfd8 24. Qg4 Nd2 25. Rfe1 Nxe4 26. Rxe4 Bxf2 27. Rh1 Bc5 28. Qh4 f5 29. gxf6 Rf7 30. Qg4 Rd3 31. Qxe6 Qd8 32. Rxh7 Qd7 33. Qxf7+ Qxf7 34. Rxf7 Kxf7 35. e6+ Kxf6 36. Kf1 Be7 37. Ke2 Rd8 38. Be3 Rh8 39. Bd4+ Kf5 40. Bxh8 Kxe4 41. Bd4 Kd5 42. Kd3 Kxe6 43. Ke4 Bd6 44. g4 Bg3 45. Be3 Bh4 46. Kd4 Be7 47. c4 c5+ 48. Kd3 b4 49. Ke4 Bf8 50. Bf2 Bg7 51. Bxc5 b3 52. Bd4 Bf8 53. Kd3 Be7 54. Ke4 Bf8 55. c5 Be7 56. Be3 Bd8 57. Bd4 Kd7 58. Kd5 Bc7 59. c6+ Kc8 60. Kc4 1-0

[Event "January 9 Early 2024"]
[Site "https://www.chess.com"]
[Date "2024.01.11"]
[Round "5"]
[White "Goncalves, Samuel Jesus P"]
[Black "Kornyukov, Alexey"]
[Result "1-0"]
[Board "255"]
[TimeControl "180+1"]
[WhiteFideId "1945130"]
[BlackFideId "4150457"]
[WhiteElo "2426"]
[BlackElo "2269"]
[WhiteTeam "POR"]
[BlackTeam "RUS"]
[WhiteClock "0:00:14"]
[BlackClock "0:00:06"]

1. Nf3 d5 2. g3 Nf6 3. Bg2 Nc6 4. d4 e6 5. O-O Bd6 6. c4 dxc4 7. Nbd2 O-O 8. Nxc4 Be7 9. Bf4 Nd5 10. Bd2 Nb6 11. Nxb6 axb6 12. Bc3 Bf6 13. e3 Qe7 14. Qe2 Bd7 15. Rfd1 Rfd8 16. a3 Na5 17. e4 g6 18. e5 Bg7 19. d5 exd5 20. Rxd5 Bc6 21. Rxd8+ Rxd8 22. Re1 Nb3 23. h4 Nc5 24. Ng5 Bxg2 25. Kxg2 h6 26. Ne4 Nd3 27. Nf6+ Bxf6 28. exf6 Qxe2 29. Rxe2 Nc5 30. Re7 Ne6 31. f4 Rd1 32. Kf3 Kf8 33. Ke2 Rg1 34. Kf2 Rd1 35. h5 gxh5 36. f5 Nc5 37. Rxc7 Ke8 38. Re7+ Kf8 39. Bb4 Nd3+ 40. Ke2 Nxb4 41. Kxd1 Nd5 42. Rxb7 Nxf6 43. Rxb6 Ne4 44. Rxh6 Nxg3 45. a4 Kg7 46. Rd6 h4 47. Rd3 Kf6 48. a5 Kxf5 49. a6 Ne4 50. a7 Nf2+ 51. Kc2 Nxd3 52. Kxd3 Kg4 53. a8=Q f5 54. b4 h3 55. Qg8+ Kf3 56. Qh7 Kg2 57. Qxf5 h2 58. Qg4+ Kh1 59. Qh3 Kg1 60. Qxh2+ Kxh2 61. b5 Kg3 62. b6 Kf4 63. b7 Ke5 64. b8=Q+ 1-0

[Event "January 9 Early 2024"]
[Site "https://www.chess.com"]
[Date "2024.01.11"]
[Round "5"]
[White "Javakhadze, Zurab"]
[Black "Olsson, Linus"]
[Result "1-0"]
[Board "256"]
[TimeControl "180+1"]
[WhiteFideId "13603647"]
[BlackFideId "1706098"]
[WhiteElo "2690"]
[BlackElo "2500"]
[WhiteTeam "GEO"]
[BlackTeam "SWE"]
[WhiteClock "0:00:04"]
[BlackClock "0:00:03"]

1. d4 Nf6 2. Bf4 g6 3. e3 Bg7 4. h3 O-O 5. Nf3 d6 6. Nbd2 Nfd7 7. Bh2 e5 8. dxe5 Nxe5 9. Nxe5 dxe5 10. Be2 Nc6 11. O-O Qe7 12. Bf3 Bd7 13. c3 Kh8 14. Qb3 Rab8 15. Rfd1 f5 16. e4 f4 17. Bg4 Bxg4 18. hxg4 Nd8 19. f3 Nf7 20. Kf1 Rfd8 21. Bg1 b6 22. Nc4 h5 23. gxh5 gxh5 24. Qb5 Bf6 25. Qc6 Kg7 26. Rd5 Rxd5 27. exd5 e4 28. Re1 e3 29. g3 fxg3 30. Nxe3 Qd8 31. Nf5+ Kg6 32. Nxg3 Qd6 33. Qxd6 Nxd6 34. Re6 Rf8 35. Bd4 h4 36. Ne2 Kf5 37. Bxf6 Rxf6 38. Nd4+ Kg6 39. Kg2 a6 40. Kh3 Kg5 41. Rxf6 Kxf6 42. Kxh4 Ke5 43. Ne6 Kxd5 44. Nxc7+ Ke5 45. Nxa6 Kf4 46. Kh5 Kxf3 47. Kg6 Ke3 48. Kf6 Kd3 49. Nb4+ Kd2 50. Ke6 Nc4 51. b3 Ne3 52. Nd5 Nd1 53. c4 Kc2 54. Nxb6 Kb2 55. c5 Nc3 56. c6 Nb5 57. Kd5 Kxa2 58. Kc5 Nc7 59. b4 Ka3 60. Nd5 Na8 61. b5 Ka4 62. b6 Ka5 63. b7 Nb6 64. Nxb6 Ka6 65. b8=Q Ka5 66. Qa7# 1-0

[Event "January 9 Early 2024"]
[Site "https://www.chess.com"]
[Date "2024.01.11"]
[Round "5"]
[White "Livaic, Leon"]
[Black "Sarana, Alexey"]
[Result "1/2-1/2"]
[Board "257"]
[TimeControl "180+1"]
[WhiteFideId "14531534"]
[BlackFideId "24133795"]
[WhiteElo "2928"]
[BlackElo "3067"]
[WhiteTeam "CRO"]
[BlackTeam "SRB"]
[WhiteClock "0:00:08"]
[BlackClock "0:00:14"]

1. d4 Nf6 2. c4 e6 3. Nf3 d5 4. Nc3 Nbd7 5. cxd5 exd5 6. Bg5 c6 7. e3 h6 8. Bh4 g5 9. Bg3 Nh5 10. Be5 Nxe5 11. Nxe5 Nf6 12. h4 g4 13. g3 Bd6 14. Nd3 Bf5 15. Bg2 Qe7 16. O-O O-O 17. a3 a5 18. Re1 Rfe8 19. Ne2 Be4 20. Bxe4 Qxe4 21. Nc3 Qf5 22. Qc2 Re7 23. Rac1 Rae8 24. Ne2 Qf3 25. Nef4 Ne4 26. Qe2 Qxe2 27. Rxe2 a4 28. Kh2 Kg7 29. Kg2 f5 30. Rec2 Kf6 31. Ne2 Ra8 32. Rb1 Ra5 33. Nc3 Re8 34. Rbc1 Ra6 35. Na2 Rb6 36. Nab4 Rb5 37. Rd1 Re7 38. Rdc1 Re8 39. Rd1 Rd8 40. Rdc1 Bf8 41. Rd1 Re8 42. Rdc1 Ra8 43. Rd1 Rb6 44. Rdc1 Bd6 45. Rd1 Ke7 46. Rdc1 Kd7 47. Rd1 Rb5 48. Rdc1 Re8 49. Rd1 Nf6 50. Rdc1 Re6 51. Nc5+ Bxc5 52. Rxc5 Rxc5 53. Rxc5 b5 54. Nd3 Ne4 55. Rc2 Kc7 56. Kf1 Kb6 57. Nc5 Re7 58. Nd3 Nd6 59. Ke2 Nc4 60. Nc5 Kc7 61. Nd3 Kd6 62. Nb4 Re8 63. Nd3 Re7 64. Rc1 Rb7 65. Rc2 Rb8 66. Rc1 Re8 67. Rc2 Re7 1/2-1/2

[Event "January 9 Early 2024"]
[Site "https://www.chess.com"]
[Date "2024.01.11"]
[Round "5"]
[White "Rozman, Levy"]
[Black "Mrithyunjay Mahadevan"]
[Result "1-0"]
[Board "258"]
[TimeControl "180+1"]
[WhiteFideId "2039877"]
[BlackFideId "45003521"]
[WhiteElo "2662"]
[BlackElo "2451"]
[WhiteTeam "USA"]
[BlackTeam "IND"]
[WhiteClock "0:00:02"]
[BlackClock "0:00:05"]

1. e4 c5 2. Nc3 Nc6 3. Bb5 Nd4 4. Nf3 g6 5. Bc4 Bg7 6. Nxd4 cxd4 7. Qf3 e6 8. Nb5 Be5 9. c3 dxc3 10. d4 cxb2 11. dxe5 Qa5+ 12. Ke2 Qxb5 13. Bxb5 bxa1=Q 14. Rd1 Qxe5 15. Qb3 Qxe4+ 16. Kf1 Ne7 17. Bb2 O-O 18. Re1 Qd5 19. Bc4 Qc6 20. Bf6 Nf5 21. Kg1 a6 22. Bd3 d6 23. Bxf5 exf5 24. Qe3 d5 25. Qg5 h6 26. Qh4 Bd7 27. h3 Rae8 28. Rb1 Re6 29. Ba1 Qc2 30. Rf1 g5 31. Qd4 f6 32. Qxd5 Rf7 33. Qxb7 Bc6 34. Qc8+ Re8 35. Qxa6 Qe4 36. f3 Qe3+ 37. Rf2 Re6 38. Qc8+ Kg7 39. Qb8 Qe1+ 40. Rf1 Qe3+ 41. Kh1 Rb7 42. Qc8 Rb5 43. Qc7+ Kg6 44. Qd8 Rbe5 45. Qg8+ Kh5 46. Bxe5 Qxe5 47. Qf7+ Kh4 48. Qg6 h5 49. Qf7 Bb5 50. Rg1 Bc4 51. Qa7 Qg3 52. Qc5 Bxa2 53. Qd4+ f4 54. Qd2 Bd5 55. Qxd5 Re1 56. Qd2 Rxg1+ 57. Kxg1 f5 58. Qe2 g4 59. Qe7# 1-0

[Event "January 9 Early 2024"]
[Site "https://www.chess.com"]
[Date "2024.01.11"]
[Round "5"]
[White "Ingebretsen, Jens E"]
[Black "Bolat, Inayat"]
[Result "1-0"]
[Board "259"]
[TimeControl "180+1"]
[WhiteFideId "1522965"]
[BlackFideId "13733125"]
[WhiteElo "2610"]
[BlackElo "2429"]
[WhiteTeam "NOR"]
[BlackTeam "KAZ"]
[WhiteClock "0:00:21"]
[BlackClock "0:00:01"]

1. e4 c5 2. Nf3 d6 3. d4 cxd4 4. Nxd4 Nf6 5. Nc3 a6 6. h3 e6 7. g4 b5 8. Bg2 Bb7 9. Qe2 b4 10. Na4 Nc6 11. Be3 Nd7 12. O-O Be7 13. Rad1 O-O 14. b3 Nxd4 15. Bxd4 Bc6 16. Nb2 Qc7 17. Nd3 a5 18. Qe3 Bb5 19. Rd2 e5 20. Ba1 Nc5 21. Nxc5 Bxf1 22. Bxf1 Qxc5 23. Bc4 Qxe3 24. fxe3 a4 25. Rd1 axb3 26. Bxb3 Rfc8 27. Rd2 Kf8 28. Kf2 Bh4+ 29. Ke2 Ke7 30. Bb2 Ra5 31. Rd1 Rac5 32. Kd3 Bg5 33. Ke2 Rxc2+ 34. Bxc2 Rxc2+ 35. Rd2 Rxd2+ 36. Kxd2 d5 37. Bxe5 f6 38. Bd4 dxe4 39. Bc5+ Ke6 40. Bxb4 Kd5 41. Bf8 g6 42. Be7 Kc4 43. a4 Bh4 44. a5 Kb5 45. Bd8 Ka6 46. Kc3 Bf2 47. Kd4 f5 48. gxf5 gxf5 49. Ke5 Bxe3 50. Kxf5 Bc1 51. Kxe4 Kb5 52. Kf5 Bb2 53. Kg5 Bg7 54. Kf5 Bh6 55. Ke6 Bd2 56. Kf7 h6 57. Kg6 Be3 58. h4 Bd2 59. h5 Be3 60. Kf5 Bd2 61. Ke4 Bc1 62. Bc7 Ka6 63. Bf4 Bb2 64. Bxh6 Kxa5 65. Kf5 Kb6 66. Bf4 Bg7 67. Kg6 Bf8 68. Kf7 Bc5 69. h6 Bd4 70. Bg5 1-0